 Dungeon Crawl Stone Soup version 0.22.1-1-ga44c0e5 (webtiles) character file.

224 lysyklops the Purveyor of Pain (level 5, -1/36 HPs)
             Began as a Mummy Necromancer on Sept 21, 2018.
             Was an Initiate of Kikubaaqudgha.
             Slain by a slave (7 damage)
             ... led by Pikel
             ... on level 4 of the Dungeon.
             The game lasted 00:13:23 (3217 turns).

lysyklops the Purveyor of Pain (Mummy Necromancer)  Turns: 3217, Time: 00:13:23

Health: -1/36      AC:  4    Str: 11    XL:     5   Next: 67%
Magic:  10/12      EV: 12    Int: 15    God:    Kikubaaqudgha [......]
Gold:   194        SH:  0    Dex: 13    Spells: 12/14 levels left

rFire    x . .     SeeInvis .   c - +0 dagger (venom)
rCold    + . .     Gourm    .   (no shield)
rNeg     + + +     Faith    .   a - +0 robe
rPois    ∞         Spirit   .   (no helmet)
rElec    .         Reflect  .   (no cloak)
rCorr    .         Harm     .   h - +1 pair of gloves
MR       .....                  (no boots)
Stlth    ++........             (no amulet)
HPRegen  0.12/turn              (no ring)
MPRegen  0.13/turn              (no ring)

@: no status effects
A: no food or potions, fire vulnerability, cold resistance 1, negative energy
resistance 3, torment resistance, unbreathing
a: Renounce Religion


You were on level 4 of the Dungeon.
You worshipped Kikubaaqudgha.
Kikubaaqudgha was noncommittal.
You were not hungry.

You visited 2 branches of the dungeon, and saw 5 of its levels.

You collected 194 gold pieces.

Inventory:

Hand Weapons
 c - a +0 dagger of venom (weapon)
Armour
 a - a +0 robe (worn)
 h - a +1 pair of gloves (worn)
Scrolls
 b - 2 scrolls of magic mapping {unknown}
 d - a scroll of remove curse {unknown}
 e - a scroll of enchant armour {unknown}
 f - a scroll of fog {unknown}
 g - a scroll of teleportation {unknown}


   Skills:
 + Level 0.3 Fighting
 + Level 0.1 Short Blades
 - Level 1.5 Dodging
 - Level 1.5 Stealth
 + Level 5.3 Spellcasting
 + Level 5.7 Necromancy


You had 12 spell levels left.
You knew the following spells:

 Your Spells              Type           Power        Failure   Level  Hunger
a - Pain                  Necr           ###.         1%          1    N/A
b - Animate Skeleton      Necr           N/A          1%          1    N/A

Your spell library contained the following spells:

 Spells                   Type           Power        Failure   Level  Hunger
 Vampiric Draining        Necr           ###.......   4%          3    N/A
 Animate Dead             Necr           N/A          16%         4    N/A
 Regeneration             Chrm/Necr      Unusable     N/A         3    N/A

Dungeon Overview and Level Annotations

Branches:
Dungeon (4/15)             Temple (1/1) D:4

Altars:
Ashenzari
Elyvilon
Fedhas
Gozag
Hepliaklqana
Kikubaaqudgha
Makhleb
Qazlal
Ru
Uskayaw
Vehumet
Xom
Yredelemnul

Annotations:
D:4 Pikel


Innate Abilities, Weirdness & Mutations

You do not eat or drink.
Your flesh is vulnerable to fire.
You are immune to poison.
Your flesh is cold resistant. (rC+)
You are immune to negative energy. (rN+++)
You are immune to unholy pain and torment.
You can survive without breathing.


Message History

The slave hits you. The slave hits you but does no damage.
You closely miss Pikel.
Pikel is lightly wounded.
The slave hits you but does no damage. x2; Pikel barely misses you.
The slave barely misses you. The slave hits you but does no damage.
You hit Pikel but do no damage. The slave hits you. The slave hits you!
* * * LOW HITPOINT WARNING * * *
Pikel hits you with a whip of electrocution.
* * * LOW HITPOINT WARNING * * *
The slave misses you. The slave closely misses you.
Pikel looks more healthy.
The slave looks more healthy.
Found an escape hatch in the floor.
Found a stone staircase leading up.
The water moccasin skeleton barely misses you.
Found a white potion.
Pikel says, "You'll feel the lick of my whip!"
The slave hits you!
You die...
Kikubaaqudgha rasps: "You have failed me!
Welcome... oblivion!"

## #.##### ......... #
..#.#..###### #.
#.#.#..<.....
#.##.#>#....#
#.#.......@# #. #.
##....pp#
#.####.###...pZ.##..#
...)...................
.................##.!#.
.......................
...........K.....#### .
...........p........
.................###


You could see Pikel, 4 slaves and a water moccasin skeleton.

Vanquished Creatures
  A hound (D:2)
  Terence (D:3)
  An orc wizard (D:3)
  Robin (D:2)
  4 adders
  2 oozes
  3 worms
  A leopard gecko (D:2)
  4 orcs (D:3)
  2 ball pythons
  5 bats
  A giant cockroach (D:1)
  18 goblins
  3 hobgoblins
  6 kobolds
  A quokka (D:2)
  A ball python skeleton (D:4)
  7 rats
62 creatures vanquished.

Vanquished Creatures (collateral kills)
  2 worms
  An orc (D:2)
  A ball python (D:3)
  2 goblins (D:3)
  3 hobgoblins
  A frilled lizard (D:1)
  A kobold (D:2)
  2 rats
13 creatures vanquished.

Grand Total: 75 creatures vanquished

Notes
Turn   | Place    | Note
-------+----------+-------------------------------------------
     0 | D:1      | lysyklops the Mummy Necromancer began the quest for the
                  | Orb.
     0 | D:1      | Reached XP level 1. HP: 13/13 MP: 4/4
     2 | D:1      | Learned a level 1 spell: Animate Skeleton
   195 | D:1      | Reached XP level 2. HP: 19/19 MP: 0/5
   868 | D:2      | Reached XP level 3. HP: 24/24 MP: 1/7
   966 | D:2      | Reached skill level 5 in Necromancy
   966 | D:2      | Reached XP level 4. HP: 30/30 MP: 2/10
  1621 | D:2      | Noticed Robin
  1695 | D:2      | Killed Robin
  2326 | D:2      | Reached XP level 5. HP: 35/35 MP: 12/12
  2503 | D:3      | Noticed Terence
  2517 | D:3      | Killed Terence
  2517 | D:3      | Reached skill level 5 in Spellcasting
  2957 | D:4      | Found a staircase to the Ecumenical Temple.
  2964 | Temple   | Entered the Ecumenical Temple
  3127 | Temple   | Became a worshipper of Kikubaaqudgha
  3191 | D:4      | Noticed a slave
  3191 | D:4      | Noticed a slave
  3192 | D:4      | Noticed Pikel
  3193 | D:4      | Noticed a slave
  3194 | D:4      | Noticed a slave
  3217 | D:4      | Slain by a slave

Skill      XL: |  1  2  3  4  5 |
---------------+----------------+-----
Spellcasting   | 3 4 5 |  5.3
Necromancy     | 5 |  5.7
Fighting       | |  0.3
Short Blades   | |  0.1
Dodging        | |  1.5
Stealth        | |  1.5

Action                   |  1- 3 |  4- 6 || total
-------------------------+-------+-------++-------
Melee: Dagger            |       |    28 ||    28
 Cast: Pain              |    42 |   102 ||   144
       Animate Skeleton  |     3 |    18 ||    21
Armor: Robe              |     2 |    22 ||    24
Dodge: Dodged            |     9 |    55 ||    64
